 Dungeon Crawl Stone Soup version 0.29.1-12-g30fa7ad0bf (webtiles) character file.

Game seed: 466779296705470249

1306 FexLirch the Basher (level 9, -1/62 (64) HPs)
             Began as a Meteoran Transmuter on Dec 13, 2022.
             Was an Initiate of Kikubaaqudgha.
             Slain by a wight
             ... wielding a +6 long sword
              (3 damage)
             ... on level 6 of the Dungeon.
             The game lasted 00:22:50 (1643 turns).

FexLirch the Basher (Meteoran Transmuter)           Turns: 1643, Time: 00:22:50

HP:   -1/62 (64)    AC:  5    Str: 15    XL:     9   Next: 12%
MP:   2/14          EV: 12    Int: 16    God:    Kikubaaqudgha [......]
Gold: 112           SH:  0    Dex: 18    Spells: 8/13 levels left

rFire   . . .      SeeInvis .   e - +2 whip (pain)
rCold   . . .      Faith    .   (no shield)
rNeg    . . .      Spirit   .   q - +2 leather armour of Scuffed Liberty {Dex+3}
rPois   .          Reflect  .   (helmet currently unavailable)
rElec   .          Harm     .   (no cloak)
rCorr   .          Rampage  .   (no gloves)
Will    +....                   (boots currently unavailable)
Stlth   +.........              (no amulet)
HPRegen 0.20/turn               (no ring)
MPRegen 0.14/turn               (no ring)

@: appendages (expiring), glowing, lightly drained
A: horns 2, talons 2, sense surroundings 2, otherworldly, glowing, explore regen
a: End Transformation, Renounce Religion


You were on level 6 of the Dungeon.
You worshipped Kikubaaqudgha.
Kikubaaqudgha was noncommittal.
You had temporarily grown beastly horns and talons.
You visited 2 branches of the dungeon, and saw 7 of its levels.
You also visited: Sewer.

You collected 112 gold pieces.

Inventory:

Hand Weapons
 e - a +2 whip of pain (weapon)
Armour
 a - a +0 robe
 h - a +2 chain mail of fire resistance
 q - the +2 leather armour of Scuffed Liberty (worn) {Dex+3}
   (You found it on level 5 of the Dungeon)

   Dex:       It affects your dexterity (+3).
Wands
 p - a wand of roots (8)
 t - a wand of light (16)
Scrolls
 c - a scroll of fear {unknown}
 d - a scroll of teleportation
 g - 2 scrolls of noise
 j - 2 scrolls of amnesia
 l - a scroll of torment {unknown}
 m - a scroll of poison {unknown}
 o - a scroll of butterflies {unknown}
 s - a scroll of silence {unknown}
 u - a scroll of brand weapon {unknown}
Potions
 b - 2 potions of lignification
 f - 3 potions of flight
 k - a potion of cancellation {unknown}
 r - a potion of degeneration {unknown}
 v - a potion of ambrosia {unknown}


   Skills:
 - Level 1.1 Fighting
 + Level 9.3 Maces & Flails
 - Level 2.4 Dodging
 - Level 3.6 Unarmed Combat
 - Level 2.6 Spellcasting
 + Level 7.7 Necromancy
 - Level 2.4 Transmutations


You had 8 spell levels left.
You knew the following spells:

 Your Spells              Type           Power      Damage    Failure   Level
a - Beastly Appendage     Tmut           18%        N/A       9%          1
b - Wereblood             Tmut           9%         N/A       13%         2
c - Necrotise             Necr           100%       1d9       1%          1
d - Apportation           Tloc           4%         N/A       24%         1

Your spell library contained the following spells:

 Spells                   Type           Power      Damage    Failure   Level
 Summon Small Mammal      Summ           8%         N/A       24%         1
 Spider Form              Tmut/Pois      6%         N/A       41%         3
 Ice Form                 Ice/Tmut       6%         N/A       82%         4


Dungeon Overview and Level Annotations

Branches:
Dungeon (6/15) Zot: 2138   Temple (1/1) D:6 Zot: 591   Sewer (visited)

Altars:
Ashenzari
Cheibriados
Dithmenos
Elyvilon
Fedhas
Gozag
Kikubaaqudgha
Nemelex Xobeh
Okawaru
Qazlal
Ru
Sif Muna
Uskayaw
Vehumet
Xom
Yredelemnul
Zin

Shops:
D:5 (


Innate Abilities, Weirdness & Mutations

You have temporarily grown beastly horns and talons.
You passively map the area around you.
You are easily found by Zot.
You glow in the dark.
You regain HP and MP as you explore.


Message History

Edmund hits your black bear skeleton with a +2 dire flail of holy wrath.
Your black bear skeleton convulses.
Unknown command.
Unknown command.
You hit Edmund.
Edmund writhes in agony.
You claw Edmund.
Edmund is almost dead.
Unknown command.
Unknown command.
You barely miss Edmund. You claw Edmund, but do no damage.
Edmund is almost dead.
Edmund hits you with a +2 dire flail of holy wrath!
* * * LOW HITPOINT WARNING * * *
Your black bear skeleton barely misses Edmund.
Your black bear skeleton claws Edmund but does no damage. x2
Unknown command.
Unknown command.
Unknown command.
You feel better. The wight barely misses you.
Edmund hits your black bear skeleton with a +2 dire flail of holy wrath!
Your black bear skeleton convulses!
Your black bear skeleton bites Edmund but does no damage.
Your black bear skeleton barely misses Edmund. x2
Unknown command.
Unknown command.
Unknown command.
You hit Edmund.
Edmund writhes in agony.
You claw Edmund.
You kill Edmund!
Kikubaaqudgha accepts your kill.
The wight hits you with a +6 long sword!!
* * * LOW HITPOINT WARNING * * *
You feel drained.
* * * LOW HITPOINT WARNING * * *
Your life force feels restored.
Unknown command.
You feel better.
The wight hits you with a +6 long sword.
* * * LOW HITPOINT WARNING * * *
You feel drained.
You die...
Kikubaaqudgha rasps: "You have failed me!
Welcome... death!"

, , , ##.......
**........... ,.
#.#...#. *,...........
...##....... *
...........,..........#.
*
....).....##?.........##
......................[)
* .^.)..#........#.#.###
* #.)Z...#######....## *
, #@z....######.#...
#.............#... , , ,
, ##†.....#.........
#..#.#.....†...... ,,
#................. , ,,,
#...##.##............ *
......#...#............
*
.###..#.⌠.#...#...##...
8 , ,*#.
#.).#.#....####.#


You could see a wight (ally target) and a friendly black bear skeleton.

Vanquished Creatures
  Edmund (D:6)
  A water moccasin (D:6)
  A black bear (D:6)
  2 orc warriors (D:6)
  An ogre (D:6)
  A lemure (D:6)
  A kobold brigand (Sewer)
  A scorpion (D:6)
  A wight (D:6)
  A gnoll bouda (D:6)
  5 hounds
  An orc priest (D:6)
  2 jellies (D:6)
  4 iguanas
  An orc wizard (D:6)
  Robin (D:4)
  An adder (D:6)
  3 gnolls (D:6)
  3 river rats
  A worm (D:2)
  3 dart slugs
  11 orcs
  3 ball pythons
  4 endoplasms
  13 goblins
  A hobgoblin (D:1)
  8 jackals
  2 kobolds (Sewer)
  A quokka (D:5)
  3 bats
  4 rats (Sewer)
86 creatures vanquished.

Vanquished Creatures (collateral kills)
  A dart slug (D:2)
  A jackal (D:2)
  A frilled lizard (D:2)
3 creatures vanquished.

Grand Total: 89 creatures vanquished

Notes
Turn   | Place    | Note
-------+----------+-------------------------------------------
     0 | D:1      | FexLirch the Meteoran Transmuter began the quest for the
                  | Orb.
     0 | D:1      | Reached XP level 1. HP: 16/16 MP: 5/5
    90 | D:1      | Reached skill level 1 in Maces & Flails
    90 | D:1      | Reached XP level 2. HP: 22/23 MP: 6/6
   100 | D:1      | Learned a level 2 spell: Wereblood
   102 | D:1      | Learned a level 1 spell: Necrotise
   104 | D:1      | Learned a level 1 spell: Apportation
   118 | D:1      | Reached skill level 1 in Necromancy
   201 | D:2      | Reached skill level 2 in Maces & Flails
   201 | D:2      | Reached XP level 3. HP: 28/28 MP: 6/8
   462 | D:4      | Reached skill level 3 in Maces & Flails
   462 | D:4      | Reached XP level 4. HP: 25/35 MP: 2/9
   493 | D:4      | Noticed Robin
   514 | D:4      | Killed Robin
   521 | D:4      | Reached XP level 5. HP: 34/40 MP: 1/10
   598 | D:4      | You fall into a shaft and drop 1 floor!
   598 | D:5      | Entered Level 5 of the Dungeon
   610 | D:5      | Reached skill level 4 in Maces & Flails
   687 | D:5      | Identified the +2 leather armour of Scuffed Liberty {Dex+3}
   792 | D:5      | Reached XP level 6. HP: 47/47 MP: 5/11
   839 | D:5      | Found a glowing drain.
   846 | D:5      | Reached skill level 5 in Maces & Flails
   858 | Sewer    | Entered a sewer
   929 | Sewer    | Reached XP level 7. HP: 43/52 MP: 3/12
   943 | Sewer    | Found a white marble altar of Elyvilon.
   990 | D:5      | Found Perphem's Antique Weapon Emporium.
  1047 | D:6      | Reached skill level 6 in Maces & Flails
  1047 | D:6      | Reached skill level 5 in Necromancy
  1310 | D:6      | Reached skill level 7 in Maces & Flails
  1310 | D:6      | Reached XP level 8. HP: 32/59 MP: 4/13
  1482 | D:6      | Found a staircase to the Ecumenical Temple.
  1546 | Temple   | Entered the Ecumenical Temple
  1553 | Temple   | Became a worshipper of Kikubaaqudgha
  1583 | D:6      | Reached skill level 8 in Maces & Flails
  1630 | D:6      | Reached skill level 9 in Maces & Flails
  1630 | D:6      | Gained mutation: You passively map the area around you.
                  | [Meteoran growth]
  1630 | D:6      | Reached XP level 9. HP: 33/64 MP: 0/14
  1630 | D:6      | Noticed Edmund
  1642 | D:6      | Killed Edmund
  1642 | D:6      | HP: 2/61 [wight/+6 long sword (5)]
  1643 | D:6      | Slain by a wight

Illustrated notes

Levels and vault maps discovered:
D:1:      heliophobic_arrival_dark_side_of_the_moon, layout_loops_ring,
          minmay_statues_item, st_stairs_3, minmay_pentomino_w4
D:2:      layout_basic, uniq_terence
D:3:      layout_basic, serial_glass, glass_columns_a, glass_columns_a
D:4:      layout_loops_corners, uniq_robin
D:5:      layout_basic, serial_shops, shop, portal_sewer_entry_a
D:6:      layout_rooms, nicolae_overflow_hidden_temple,
          minmay_temple_entry_antechambers, minmay_manual_monolith,
          uniq_crazy_yiuf_cottage, uniq_pikel, uniq_edmund
Temple:   sentei_temple_godly_chess

Skill      XL: |  1  2  3  4  5  6  7  8 |
---------------+-------------------------+-----
Maces & Flails | 1 2 3 4 5 7 9 |  9.3
Necromancy     | 1 2 3 4 6 7 |  7.7
Fighting       | |  1.1
Dodging        | |  2.4
Unarmed Combat | |  3.6
Spellcasting   | |  2.6
Transmutations | |  2.4

Action                   |  1- 3 |  4- 6 |  7- 9 || total
-------------------------+-------+-------+-------++-------
Melee: Unarmed           |    25 |     4 |       ||    29
       Kick              |     9 |     5 |    32 ||    46
       Headbutt          |     6 |     5 |    12 ||    23
       Whip              |       |    55 |    89 ||   144
       Punch             |       |       |     5 ||     5
 Cast: Beastly Appendage |    10 |     7 |    11 ||    28
       Necrotise         |    22 |    33 |    47 ||   102
       Wereblood         |     3 |     6 |     8 ||    17
       Apportation       |       |       |     2 ||     2
  Use: Scroll            |       |     4 |     1 ||     5
       Potion            |       |       |     6 ||     6
Armor: Robe              |     7 |     2 |       ||     9
       Leather armour    |       |     4 |     9 ||    13
       Skin              |       |       |    70 ||    70
Dodge: Dodged            |    15 |    28 |    28 ||    71
